[Event "Team 45 45 League T60"]
[Site "Internet Chess Club"]
[Date "2014.04.04"]
[Round "6"]
[White "AlliesterMX"]
[Black "Betablinx"]
[Result "0-1"]
[WhiteElo "1783"]
[BlackElo "1862"]
[Opening "Queen's pawn game"]
[ECO "E00"]
[Time "14:07:51"]
[TimeControl "2700+45"]

1. d4 Nf6 2. c4 e6 3. a3 d5 4. e3 Be7 5. Nc3 O-O 6. c5 b6 7. b4 a5 8. Bb2 axb4
9. axb4 Rxa1 10. Qxa1 Nc6 11. Qa4 Bd7 12. b5 Na5 13. c6 Bc8 14. f4 Ng4 15. Bc1
f6 16. h3 Nh6 17. Nf3 Nf7 18. Qa2 Bb4 19. Bd2 Nd6 20. Nb1 Bxd2+ 21. Nfxd2 Nf5
22. Kf2 e5 23. g4 Nh6 24. Be2 exd4 25. exd4 Qd6 26. Nf3 Be6 27. Qd2 Nc4 28. Bxc4
dxc4 29. Nc3 Bd5 30. Re1 Rd8 31. Ng1 Nf7 32. Qe3 g5 33. Nge2 Kf8 34. Qg3 Re8 35.
f5 Qd8 36. Rd1 Nd6 37. Kg1 Bf7 38. Qf2 Qe7 39. Kh2 h5 40. Rd2 hxg4 41. hxg4 Kg7
42. Ng3 Rh8+ 43. Kg1 Re8 44. Re2 Qf8 45. Qe1 Rxe2 46. Qxe2 Qa8 47. Qb2 Qe8 48.
Kf2 Qh8 49. Qe2 Qh2+ 50. Kf3 Qg1 51. Qe3 Qa1 52. Qd2 Qa3 53. Kf2 Qb4 54. Qe3
Nxb5 55. Nce4 Qb3 56. Qd2 c3 57. Qe3 c2 58. Qd2 Qb1 59. Nxg5 c1=Q 60. Nh5+ Bxh5
61. Ne6+ Kf7 {White resigns} 0-1

[Event "Team 45 45 League T60"]
[Site "Internet Chess Club"]
[Date "2014.04.06"]
[Round "6"]
[White "crazyhorses"]
[Black "QuieroAprender"]
[Result "1-0"]
[WhiteElo "1398"]
[BlackElo "1687"]
[Opening "Ruy Lopez: Classical defense deferred"]
[ECO "C70"]
[Time "15:46:47"]
[TimeControl "2700+45"]

1. e4 e5 2. Nf3 Nc6 3. Bb5 a6 4. Ba4 Bc5 5. O-O b5 6. Bb3 d6 7. c3 Na5 8. Bc2
Bb6 9. d4 exd4 10. cxd4 Bg4 11. Nc3 Bxf3 12. gxf3 c5 13. Nd5 Ba7 14. Bf4 cxd4
15. a4 Nc4 16. axb5 axb5 17. b3 Ne5 18. Bxe5 dxe5 19. Bd3 Qb8 20. Bxb5+ Kf8 21.
Qd3 Ne7 22. Rfc1 Nxd5 23. exd5 Bb6 24. Rxa8 Qxa8 25. Qc4 g6 26. Qc6 Qd8 27. d6
Kg7 28. d7 Qg5+ 29. Kf1 Qf4 30. Rc2 Bd8 31. Qd5 {Black resigns} 1-0

[Event "Team 45 45 League T60"]
[Site "Internet Chess Club"]
[Date "2014.04.04"]
[Round "6"]
[White "ElMarginal"]
[Black "caglar"]
[Result "1/2-1/2"]
[WhiteElo "1464"]
[BlackElo "1599"]
[Opening "Réti: King's Indian attack (Barcza system)"]
[ECO "A07"]
[Time "16:45:58"]
[TimeControl "2700+45"]

1. Nf3 d5 2. g3 Nf6 3. Bg2 c6 4. d3 Bg4 5. h3 Bxf3 6. exf3 e5 7. Qe2 Bd6 8. O-O
O-O 9. Bg5 Nbd7 10. Nc3 h6 11. Bd2 b5 12. a3 a5 13. Nd1 d4 14. b3 Qe7 15. Bc1
Nd5 16. Bb2 b4 17. a4 Nc3 18. Nxc3 bxc3 19. Bc1 Nf6 20. f4 Qc7 21. fxe5 Bxe5 22.
Bxc6 Qxc6 23. Qxe5 Qd7 24. Bxh6 Qxh3 25. f3 Qxh6 26. Qxd4 Rfe8 27. Rf2 Re6 28.
Qxc3 Rae8 29. Raf1 Nd5 30. Qxa5 Ne3 31. Rh2 Qg6 32. g4 Nxf1 33. Kxf1 Re1+ 34.
Qxe1 Rxe1+ 35. Kxe1 Qe6+ 36. Re2 Qf6 37. Kf2 Qd4+ 38. Kg2 Kf8 39. Re4 Qb2 40.
Rc4 Qc1 41. a5 Qd2+ 42. Kg3 Qxa5 43. b4 Qb6 44. Kg2 Ke7 45. c3 Qh6 46. Rc7+ Kd6
47. Rc4 Qd2+ 48. Kg3 Qe1+ 49. Kg2 Qd2+ 50. Kg3 Qe1+ 51. Kg2 Qd2+ {Game drawn by
repetition} 1/2-1/2

[Event "Team 45 45 League T60"]
[Site "Internet Chess Club"]
[Date "2014.04.07"]
[Round "6"]
[White "kingphisch"]
[Black "GideonL"]
[Result "1-0"]
[WhiteElo "1520"]
[BlackElo "1431"]
[Opening "French: King's Indian attack"]
[ECO "C00"]
[Time "15:00:31"]
[TimeControl "2700+45"]

1. e4 e6 2. d3 d5 3. Nd2 c5 4. Ngf3 Nc6 5. g3 Bd6 6. Bg2 Nge7 7. O-O O-O 8. Re1
h6 9. c3 Re8 10. Qc2 Bd7 11. a3 Rc8 12. Qd1 Qc7 13. Qe2 Ng6 14. d4 c4 15. e5 Be7
16. h4 h5 17. Nf1 Nf8 18. Ng5 Bxg5 19. Bxg5 g6 20. Qd2 Nh7 21. Nh2 Na5 22. Qf4
Ba4 23. Re2 Bb3 24. Nf3 Qd7 25. Bf6 Nxf6 26. exf6 Kh7 27. Ng5+ Kg8 28. Nf3 Kh7
29. Ne5 Qc7 30. Bf3 Rh8 31. Bxh5 gxh5 32. Qg5 Nc6 {Black resigns} 1-0

[Event "Team 45 45 League T60"]
[Site "Internet Chess Club"]
[Date "2014.04.04"]
[Round "6"]
[White "bayoumicardio10"]
[Black "jps7"]
[Result "1/2-1/2"]
[WhiteElo "1524"]
[BlackElo "1680"]
[Opening "French: King's Indian attack"]
[ECO "C00"]
[Time "20:00:23"]
[TimeControl "2700+45"]

1. e4 e6 2. d3 d5 3. Nd2 Nf6 4. Ngf3 dxe4 5. dxe4 Bc5 6. Bc4 O-O 7. O-O c6 8. e5
Nd5 9. Ne4 Be7 10. a3 b5 11. Bd3 Qc7 12. Re1 Nd7 13. Nfg5 h6 14. Qh5 Qxe5 15.
Qh3 f5 16. Nf3 Qc7 17. Ng3 Nc5 18. Bxh6 gxh6 19. Qxh6 Nxd3 20. Qg6+ Kh8 21. Qh6+
Kg8 22. Qg6+ Kh8 23. Qh6+ Kg8 {Game drawn by repetition} 1/2-1/2

[Event "Team 45 45 League T60"]
[Site "Internet Chess Club"]
[Date "2014.04.08"]
[Round "6"]
[White "julesraider"]
[Black "uzi"]
[Result "1-0"]
[WhiteElo "1563"]
[BlackElo "1453"]
[Opening "Queen's pawn: Charlick (Englund) gambit"]
[ECO "A40"]
[Time "06:30:52"]
[TimeControl "2700+45"]

1. d4 e5 2. dxe5 Nc6 3. Nf3 Qe7 4. Nc3 Nxe5 5. e4 d6 6. Bb5+ c6 7. Ba4 Bg4 8. h3
Nxf3+ 9. gxf3 Be6 10. Be3 b5 11. Bb3 Bxb3 12. axb3 Nf6 13. Ra6 Qb7 14. Qa1 c5
15. b4 Be7 16. Rg1 O-O 17. bxc5 dxc5 18. b4 Rfc8 19. Nd5 cxb4 20. Nxf6+ Bxf6 21.
Qxf6 g6 22. Bh6 {Black resigns} 1-0

[Event "Team 45 45 League T60"]
[Site "Internet Chess Club"]
[Date "2014.04.06"]
[Round "6"]
[White "Hal2001"]
[Black "rayngrant"]
[Result "0-1"]
[WhiteElo "1511"]
[BlackElo "1563"]
[Opening "French: Two knights variation"]
[ECO "C00"]
[Time "10:25:10"]
[TimeControl "2700+45"]

1. e4 e6 2. Nc3 d5 3. Nf3 d4 4. Ne2 c5 5. c3 Nc6 6. cxd4 cxd4 7. Qa4 Bc5 8. b4
Bxb4 9. Nexd4 Ne7 10. Nxc6 Nxc6 11. Bb5 Qb6 12. Ne5 O-O 13. Nxc6 bxc6 14. Bxc6
Rb8 15. O-O Bc5 16. Ba3 Bxa3 17. Qxa3 Qxc6 {White resigns} 0-1

[Event "Team 45 45 League T60"]
[Site "Internet Chess Club"]
[Date "2014.04.05"]
[Round "6"]
[White "spongenotbob"]
[Black "anna"]
[Result "1/2-1/2"]
[WhiteElo "1945"]
[BlackElo "1813"]
[Opening "QGD: 4.Nf3"]
[ECO "D37"]
[Time "18:05:20"]
[TimeControl "2700+45"]

1. d4 d5 2. c4 e6 3. Nc3 Nf6 4. Nf3 Be7 5. e3 Nbd7 6. Bd3 c5 7. O-O O-O 8. b3 b6
9. Bb2 Bb7 10. Qe2 Rc8 11. Rac1 dxc4 12. bxc4 cxd4 13. exd4 Nb8 14. Ne4 Nc6 15.
Rfd1 Nb4 16. Bb1 Nxe4 17. Bxe4 Bxe4 18. Qxe4 Nxa2 19. Ra1 Nb4 20. Rxa7 Rxc4 21.
Rda1 Rc8 22. Ne5 Qd5 23. Qf4 Qd8 {Game drawn by mutual agreement} 1/2-1/2

[Event "Team 45 45 League T60"]
[Site "Internet Chess Club"]
[Date "2014.04.04"]
[Round "6"]
[White "vjbaker"]
[Black "Chess-Boy"]
[Result "0-1"]
[WhiteElo "1704"]
[BlackElo "1660"]
[Opening "Ruy Lopez: exchange, Gligoric variation"]
[ECO "C69"]
[Time "17:10:37"]
[TimeControl "2700+45"]

1. e4 e5 2. Nf3 Nc6 3. Bb5 a6 4. Bxc6 dxc6 5. O-O f6 6. d4 Bg4 7. dxe5 Qxd1 8.
Rxd1 Bxf3 9. gxf3 fxe5 10. f4 exf4 11. Bxf4 Nf6 12. Nc3 Rc8 13. Rd3 Bc5 14. Kg2
O-O 15. Bg3 Nh5 16. f3 Nxg3 17. hxg3 Rcd8 18. Rad1 Rxd3 19. Rxd3 Bb6 20. Rd7 Rf7
21. Rd1 Kf8 22. Rd8+ Ke7 23. Rb8 Kd7 24. Rxb7 Kc8 25. Rxb6 cxb6 26. Kf2 Kd7 27.
e5 Rf5 28. f4 g5 29. Kf3 gxf4 30. gxf4 Rh5 31. Na4 b5 32. Nc5+ Ke7 33. Nxa6 Rh2
34. Nb4 c5 35. Nd5+ Ke6 36. Ne3 h5 37. b3 h4 38. f5+ Kf7 39. a4 bxa4 40. bxa4 h3
41. Kg3 Re2 42. Ng4 Rxc2 43. Kxh3 c4 44. Kg3 c3 45. e6+ Kf8 46. Kf3 Rh2 47. Ne3
c2 48. Nxc2 Rxc2 49. Ke4 Ke7 50. Kd4 Ra2 51. Ke5 Rxa4 52. f6+ Kd8 53. Kd6 Ra6+
54. Ke5 Ke8 55. Kf5 Ra5+ 56. Kg6 Re5 57. Kg7 Rg5+ 58. Kh6 Rg1 59. Kh5 Kf8 60.
Kh6 Re1 61. e7+ Kf7 62. Kg5 Re5+ 63. Kf4 Kxf6 64. Kg4 Rxe7 65. Kf4 Re5 66. Kf3
Kf5 67. Kg3 Re4 68. Kf3 Ke5 69. Kg3 Rf4 70. Kh2 Rf3 71. Kg2 Kf4 72. Kg1 Kg3 73.
Kh1 Rf1# {White checkmated} 0-1

[Event "Team 45 45 League T60"]
[Site "Internet Chess Club"]
[Date "2014.04.02"]
[Round "6"]
[White "drsigmund1"]
[Black "JasonModer"]
[Result "0-1"]
[WhiteElo "1515"]
[BlackElo "1791"]
[Opening "Queen's bishop game"]
[ECO "D02"]
[Time "19:00:09"]
[TimeControl "2700+45"]

1. d4 d5 2. Nf3 Nf6 3. Bf4 Bf5 4. e3 c5 5. Bb5+ Nc6 6. dxc5 e6 7. Nd4 Rc8 8.
Nxf5 exf5 9. b4 Be7 10. O-O O-O 11. a3 a6 12. Bd3 Qd7 13. Nd2 Ne4 14. Nf3 Bf6
15. Nd4 Nxd4 16. exd4 Bxd4 17. Rc1 Bb2 18. Rb1 Nc3 19. Qd2 Nxb1 20. Rxb1 Bf6 21.
Bc4 Rcd8 22. Rd1 Rfe8 23. h3 Re4 24. Bxd5 Rd4 25. Qxd4 Bxd4 26. Rxd4 Qe7 27. Bd6
Qe1+ 28. Kh2 Rxd6 {White resigns} 0-1

[Event "Team 45 45 League T60"]
[Site "Internet Chess Club"]
[Date "2014.04.03"]
[Round "6"]
[White "Joeohio"]
[Black "sdcohle"]
[Result "1-0"]
[WhiteElo "1589"]
[BlackElo "1403"]
[Opening "King's pawn opening"]
[ECO "B07"]
[Time "20:52:24"]
[TimeControl "2700+45"]

1. e4 d6 2. d4 c6 3. Nc3 Qc7 4. Nf3 Bg4 5. h3 Bxf3 6. Qxf3 e5 7. dxe5 dxe5 8.
Be3 Nf6 9. O-O-O Be7 10. Bc4 O-O 11. Ne2 Nbd7 12. Ng3 b5 13. Bb3 a5 14. a3 a4
15. Ba2 b4 16. Nf5 Bc5 17. Bh6 bxa3 18. Bxg7 axb2+ 19. Kb1 Ne8 20. Qg4 Ndf6 21.
Nh6# {Black checkmated} 1-0

[Event "Team 45 45 League T60"]
[Site "Internet Chess Club"]
[Date "2014.04.07"]
[Round "6"]
[White "uzi"]
[Black "clarinetref"]
[Result "1-0"]
[WhiteElo "1465"]
[BlackElo "1583"]
[Opening "Scandinavian (center counter) defense"]
[ECO "B01"]
[Time "10:01:11"]
[TimeControl "2700+45"]

1. e4 d5 2. exd5 Qxd5 3. Nc3 Qd8 4. d4 Bf5 5. Nf3 Nc6 6. Bb5 Bd7 7. O-O a6 8.
Ba4 e6 9. Re1 Be7 10. d5 exd5 11. Nxd5 b5 12. Bb3 Na5 13. Bf4 Rc8 14. Qe2 Nxb3
15. axb3 Be6 16. Nxe7 Qxe7 17. Rxa6 c6 18. Nd4 Bd5 19. Qd2 Be6 20. Nxc6 Qd7 21.
Nd4 Ne7 22. Nxe6 fxe6 23. Qxd7+ Kxd7 24. Raxe6 Nd5 25. Rd6+ {Black resigns} 1-0

[Event "Team 45 45 League T60"]
[Site "Internet Chess Club"]
[Date "2014.04.06"]
[Round "6"]
[White "dscvdchk"]
[Black "Tjet"]
[Result "1-0"]
[WhiteElo "1531"]
[BlackElo "1481"]
[Opening "QGD Slav: 3.Nf3"]
[ECO "D11"]
[Time "21:02:13"]
[TimeControl "2700+45"]

1. Nf3 d5 2. d4 c6 3. c4 g6 4. Nc3 dxc4 5. a4 Bg7 6. e4 Bg4 7. Bxc4 Bxf3 8. Qxf3
e6 9. d5 Bxc3+ 10. bxc3 exd5 11. exd5 Qf6 12. Qg3 h6 13. O-O Ne7 14. Re1 O-O 15.
Bxh6 cxd5 16. Bxf8 Kxf8 17. Ba2 Nbc6 18. Rad1 d4 19. cxd4 Nxd4 20. Qc7 Nf3+ 21.
gxf3 Rc8 22. Rd8+ Rxd8 23. Qxd8+ Kg7 24. Qxe7 Qxf3 25. Qe5+ {Black resigns} 1-0

[Event "Team 45 45 League T60"]
[Site "Internet Chess Club"]
[Date "2014.04.04"]
[Round "6"]
[White "KingOfClubs"]
[Black "PostMike"]
[Result "0-1"]
[WhiteElo "1362"]
[BlackElo "1440"]
[Opening "Sicilian: Najdorf, Byrne (English) attack"]
[ECO "B90"]
[Time "14:00:31"]
[TimeControl "2700+45"]

1. e4 c5 2. Nf3 d6 3. d4 cxd4 4. Nxd4 Nf6 5. Nc3 a6 6. Be3 Ng4 7. Be2 Nxe3 8.
fxe3 g6 9. O-O Bh6 10. Qd2 Nd7 11. Bf3 O-O 12. Nde2 Ne5 13. Nd1 b5 14. Nf4 Bb7
15. b3 Rc8 16. Nd5 e6 17. Nf4 Qb6 18. Rf2 Rfd8 19. Nc3 Bg7 20. Nfe2 Nd7 21. Nd4
Qc7 22. Bg4 Bxd4 23. exd4 Qxc3 24. Qxc3 Rxc3 25. Raf1 Rf8 26. d5 f5 27. dxe6 Ne5
28. Bh3 Bxe4 29. Rd2 d5 30. Re1 Rfc8 31. Rxe4 dxe4 32. e7 Nf7 33. Re2 Re8 {White
resigns} 0-1

[Event "Team 45 45 League T60"]
[Site "Internet Chess Club"]
[Date "2014.04.06"]
[Round "6"]
[White "Aquaman"]
[Black "arconia"]
[Result "0-1"]
[WhiteElo "1345"]
[BlackElo "1275"]
[Opening "Réti opening"]
[ECO "A04"]
[Time "15:00:32"]
[TimeControl "2700+45"]

1. Nf3 c5 2. g3 Nc6 3. Bg2 e6 4. O-O d6 5. d3 Nf6 6. e4 e5 7. Nbd2 Be7 8. Re1
O-O 9. Nc4 h6 10. Ne3 Nh7 11. Nd5 f5 12. Nxe7+ Nxe7 13. Nh4 f4 14. c3 fxg3 15.
hxg3 Nf6 16. Bd2 d5 17. exd5 Nfxd5 18. Rxe5 Nf6 19. Be1 Nfd5 20. c4 Nf6 21. Rxc5
Ng4 22. Bf3 Qd4 23. Rb5 Ne5 24. Be2 Nf5 25. Ng2 Nxg3 26. Rd5 Nxe2+ 27. Qxe2 Nf3+
28. Kh1 Qg4 29. Qe4 Qh3# {White checkmated} 0-1

[Event "Team 45 45 League T60"]
[Site "Internet Chess Club"]
[Date "2014.04.06"]
[Round "6"]
[White "Bryant-L"]
[Black "wildcat2023"]
[Result "1-0"]
[WhiteElo "1662"]
[BlackElo "1509"]
[Opening "Sicilian defense"]
[ECO "B34"]
[Time "18:02:46"]
[TimeControl "2700+45"]

1. e4 c5 2. Nf3 Nc6 3. d4 cxd4 4. Nxd4 Nf6 5. Nc3 g6 6. Be3 Bg7 7. Qd2 O-O 8.
Be2 e5 9. Ndb5 a6 10. Nd6 Qc7 11. Na4 Nd4 12. Bxd4 Qxd6 13. Bc5 Qxd2+ 14. Kxd2
Nxe4+ 15. Ke1 Nxc5 16. Nxc5 d6 17. Na4 Bf5 18. Nb6 Rad8 19. c4 e4 20. Na4 b5 21.
cxb5 Bd7 22. Nc3 Bxc3+ 23. bxc3 Bxb5 24. Rd1 f5 25. Rd5 Bxe2 26. Kxe2 Kf7 27.
Rhd1 Ke6 28. c4 Rf7 29. Kd2 Rb7 30. Kc3 h6 31. Kc2 Rb6 32. Kc3 Rdb8 33. R1d2 Rc6
34. Rd1 Rbc8 35. R1d4 Ra8 36. Rd2 Rb8 37. Rd1 Rb5 38. R5d4 a5 39. Rd5 Rb4 40.
R1d4 Ra6 41. Rb5 Rxb5 42. cxb5 Ra8 43. Kb3 Rc8 44. Rd2 d5 45. Ka4 Ra8 46. b6 Kd6
47. Kb5 f4 48. Re2 g5 49. b7 Rb8 50. Kb6 h5 51. Ka7 Rd8 52. Rc2 Rd7 53. Kb6
Rxb7+ 54. Kxb7 Ke5 55. Kc6 e3 56. Kc5 d4 57. Kc4 Ke4 58. f3+ Ke5 59. Kd3 Kd5 60.
Rc8 g4 61. Rd8+ Ke5 62. Rxd4 h4 63. fxg4 Kf6 64. Rxf4+ Kg5 65. Kxe3 Kg6 66. Ra4
Kg5 67. h3 Kf6 68. Rxa5 Ke6 69. g5 Ke7 70. g6 Kf6 71. Ra6+ Kg7 72. Kf4 Kh6 73.
Kf5 Kg7 74. Ra7+ Kg8 75. Kf6 Kh8 76. Ra8# {Black checkmated} 1-0

[Event "Team 45 45 League T60"]
[Site "Internet Chess Club"]
[Date "2014.04.06"]
[Round "6"]
[White "MateMaster"]
[Black "QuimCatala"]
[Result "0-1"]
[WhiteElo "1478"]
[BlackElo "1340"]
[Opening "Sicilian: Grand Prix attack"]
[ECO "B23"]
[Time "16:21:51"]
[TimeControl "2700+45"]

1. e4 c5 2. Nc3 Nc6 3. f4 e6 4. Bc4 Qc7 5. d3 g6 6. Nf3 a6 7. O-O Bg7 8. Qe1 d6
9. Qg3 Nd4 10. Nxd4 Bxd4+ 11. Kh1 b5 12. Bb3 Bb7 13. f5 Be5 14. Qg4 h5 15. Qf3
gxf5 16. Qf2 O-O-O 17. exf5 d5 18. Bf4 Bxf4 19. Qxf4 Qxf4 20. Rxf4 Nf6 21. fxe6
Ng4 22. exf7 c4 23. dxc4 dxc4 24. Bxc4 bxc4 25. Rxc4+ Kb8 26. Rf1 Bxg2+ 27. Kxg2
Ne3+ 28. Kg1 Nxc4 29. b3 Ne3 30. Rf6 Kb7 31. Rf2 Rhf8 32. Na4 Rd1+ 33. Rf1 Rxf1#
{White checkmated} 0-1

[Event "Team 45 45 League T60"]
[Site "Internet Chess Club"]
[Date "2014.04.06"]
[Round "6"]
[White "tamky70"]
[Black "moodle"]
[Result "1-0"]
[WhiteElo "1381"]
[BlackElo "1437"]
[Opening "Ruy Lopez: old Steinitz defense"]
[ECO "C62"]
[Time "13:00:34"]
[TimeControl "2700+45"]

1. e4 e5 2. Nf3 Nc6 3. Bb5 d6 4. c3 Bd7 5. O-O Nf6 6. d3 a6 7. Ba4 Be7 8. Re1
O-O 9. Nbd2 Na7 10. Bxd7 Qxd7 11. Nf1 Rfe8 12. Ng3 Nc6 13. Nf5 Bd8 14. Ng3 h6
15. Nh4 Nh7 16. Nhf5 Bg5 17. Bxg5 Nxg5 18. Nh5 Ne6 19. Nxh6+ Kf8 20. Qg4 gxh6
21. Nf6 Qd8 22. Nxe8 Kxe8 23. Re3 Kd7 24. Qh5 Qf8 25. g3 Qg7 26. Kh1 Rg8 27. Rg1
Qf8 28. Rf3 Ng5 29. Rf5 Nd8 30. Qg4 Nge6 31. Qd1 Kc8 32. f4 Nc6 33. fxe5 dxe5
34. d4 exd4 35. Rgf1 Rg7 36. Qb3 Qe7 37. Qd5 Qe8 38. cxd4 Ne7 39. Qe5 Nxf5 40.
exf5 Rg8 41. fxe6 fxe6 42. d5 exd5 43. Qxd5 Rg5 44. Qf3 Re5 45. Kg2 Re2+ 46. Rf2
Re3 47. Qf5+ Kb8 48. Qf8 b6 49. Qxe8+ Rxe8 50. h4 Re6 51. Kh3 c5 52. Rc2 h5 53.
b3 Kb7 54. Rc3 Re2 55. a4 a5 56. Rf3 Re5 57. g4 hxg4+ 58. Kxg4 Kc7 59. h5 Re7
60. h6 Kc6 61. Rh3 Rh7 62. Kf5 Kd7 63. Kg6 {Black resigns} 1-0

[Event "Team 45 45 League T60"]
[Site "Internet Chess Club"]
[Date "2014.04.05"]
[Round "6"]
[White "kls1"]
[Black "Tribe97"]
[Result "1-0"]
[WhiteElo "1309"]
[BlackElo "1369"]
[Opening "French: advance, Paulsen attack"]
[ECO "C02"]
[Time "07:00:14"]
[TimeControl "2700+45"]

1. e4 e6 2. d4 d5 3. e5 c5 4. c3 Nc6 5. Nf3 Qb6 6. a3 c4 7. Nbd2 Na5 8. Rb1 Bd7
9. b3 Ne7 10. bxc4 Qc6 11. c5 Qa4 12. Qxa4 Bxa4 13. Bb5+ Nec6 14. Bxa4 Be7 15.
Rxb7 Nxb7 16. Bxc6+ Kd8 17. Bxb7 Rb8 18. c6 Kc7 19. O-O f6 20. exf6 Bxf6 21. Re1
Kd6 22. a4 Rhe8 23. Ba3+ Kc7 24. Ne5 Be7 25. Bxe7 Rxe7 26. Nd7 Rd8 27. Nc5 Rf8
28. Rxe6 Rff7 29. g3 Rxe6 30. Nxe6+ Kb8 31. c7+ Kxb7 32. Nd8+ Kxc7 33. Nxf7 Kb6
34. c4 dxc4 35. Nxc4+ Kc6 36. Na5+ Kd5 37. Kf1 Kxd4 38. Nc6+ Kc5 39. Nxa7 Kb4
40. Ke2 Kxa4 41. Kf3 Kb4 42. Kg4 Kc3 43. Ng5 h6 44. Ne6 Kd3 45. Nxg7 Ke2 46. f4
Ke3 47. f5 {Black resigns} 1-0

[Event "Team 45 45 League T60"]
[Site "Internet Chess Club"]
[Date "2014.04.06"]
[Round "6"]
[White "Otelo"]
[Black "alexping"]
[Result "0-1"]
[WhiteElo "1849"]
[BlackElo "1879"]
[Opening "French: Tarrasch, closed variation"]
[ECO "C05"]
[Time "22:03:49"]
[TimeControl "2700+45"]

1. e4 e6 2. d4 d5 3. Nd2 Nf6 4. e5 Nfd7 5. f4 c5 6. c3 Nc6 7. Ndf3 Qb6 8. Ne2
Be7 9. g3 f6 10. Bh3 f5 11. O-O h6 12. Nh4 Nf8 13. Kh1 g5 14. Nxf5 exf5 15. fxg5
hxg5 16. Bxf5 Bxf5 17. Rxf5 Ne6 18. Be3 cxd4 19. Nxd4 Ncxd4 20. cxd4 Qxb2 21.
Qa4+ b5 22. Rf2 Qxa1+ {White resigns} 0-1

[Event "Team 45 45 League T60"]
[Site "Internet Chess Club"]
[Date "2014.04.03"]
[Round "6"]
[White "bobhill"]
[Black "justice02"]
[Result "0-1"]
[WhiteElo "1926"]
[BlackElo "1818"]
[Opening "King's Indian: Torre attack"]
[ECO "A48"]
[Time "22:04:22"]
[TimeControl "2700+45"]

1. d4 Nf6 2. Nf3 g6 3. Bg5 Ne4 4. Bh4 Bh6 5. e3 d5 6. Nbd2 Bg4 7. c4 g5 8. Bg3
Nxd2 9. Qxd2 Bxf3 10. gxf3 Bg7 11. Qb4 b6 12. c5 O-O 13. Bd3 f5 14. h4 f4 15.
hxg5 fxg3 16. Bxh7+ Kf7 17. fxg3 e6 18. f4 Qe7 19. Qa4 bxc5 20. g6+ Kf6 21. g4
Qd7 22. g5+ Ke7 23. Qa3 Qb5 24. Rc1 Nd7 25. Rh2 a5 26. Rhc2 Qb4+ 27. Ke2 Qxa3
28. bxa3 c4 29. Rb1 Rab8 30. Rcb2 Rxb2+ 31. Rxb2 c5 32. Rb5 cxd4 33. Rxa5 dxe3
34. Kxe3 d4+ 35. Ke4 c3 36. f5 Rxf5 37. Rxf5 exf5+ 38. Kd3 Nc5+ 39. Kc2 d3+ 40.
Kc1 Na4 41. Bg8 d2+ 42. Kc2 Nb2 {White resigns} 0-1

[Event "Team 45 45 League T60"]
[Site "Internet Chess Club"]
[Date "2014.04.05"]
[Round "6"]
[White "rubo"]
[Black "fishhead"]
[Result "0-1"]
[WhiteElo "1606"]
[BlackElo "1770"]
[Opening "Bird's opening"]
[ECO "A02"]
[Time "17:00:33"]
[TimeControl "2700+45"]

1. f4 Nf6 2. Nf3 g6 3. b3 Bg7 4. Bb2 d6 5. e3 c6 6. Be2 Nbd7 7. O-O O-O 8. Na3
Qc7 9. c4 e5 10. fxe5 dxe5 11. Qb1 Re8 12. Nc2 b6 13. g3 e4 14. Nfd4 Ne5 15. Ne1
c5 16. Nb5 Qc6 17. Bc3 Bh3 18. Rf2 a6 19. Na3 Nfg4 20. Rf4 f5 21. Qb2 Bh6 22.
Bxe5 Nxe5 23. Rh4 Bg7 24. Qc1 Bg4 25. Bxg4 Nxg4 26. Rb1 Rad8 27. Qc2 Bf6 28. Rh3
Ne5 29. Rd1 Nd3 30. Nxd3 Rxd3 31. Nb1 Red8 32. Kf2 h5 33. Ke2 Qd7 34. Rg1 f4 35.
Rh4 f3+ 36. Kf2 Bxh4 37. gxh4 Qh3 38. Rxg6+ Kf7 {White forfeits on time} 0-1

[Event "Team 45 45 League T60"]
[Site "Internet Chess Club"]
[Date "2014.04.05"]
[Round "6"]
[White "achessman"]
[Black "LittleButton"]
[Result "0-1"]
[WhiteElo "1939"]
[BlackElo "1923"]
[Opening "Sicilian defense"]
[ECO "B20"]
[Time "06:05:11"]
[TimeControl "2700+45"]

1. e4 c5 2. b3 d6 3. Bb2 Nf6 4. e5 dxe5 5. Bxe5 Nc6 6. Bb2 Bf5 7. Bb5 Qb6 8. Nc3
e6 9. Nf3 Bd6 10. O-O O-O 11. Bxc6 Qxc6 12. h3 Rad8 13. d4 Bc7 14. Qe2 cxd4 15.
Na4 d3 16. Qe3 dxc2 17. Qg5 h6 18. Qh4 Ne4 19. Be5 b5 20. Nb2 Bxe5 21. Nxe5 Qc3
22. Ned3 Nd2 {White resigns} 0-1

[Event "Team 45 45 League T60"]
[Site "Internet Chess Club"]
[Date "2014.04.07"]
[Round "6"]
[White "AngryDad"]
[Black "Constrictor"]
[Result "0-1"]
[WhiteElo "1679"]
[BlackElo "1634"]
[Opening "Budapest: Adler variation"]
[ECO "A52"]
[Time "17:02:23"]
[TimeControl "2700+45"]

1. d4 Nf6 2. c4 e5 3. dxe5 Ng4 4. Nf3 Nc6 5. Bf4 Bb4+ 6. Nbd2 Qe7 7. e3 Ngxe5 8.
Nxe5 Nxe5 9. Be2 O-O 10. O-O d6 11. a3 Bxd2 12. Qxd2 b6 13. Rfd1 Bb7 14. Rac1 a5
15. b4 axb4 16. axb4 Nd7 17. Bd3 Be4 18. Bxe4 Qxe4 19. f3 Qe6 20. e4 Ra4 21. Be3
Rfa8 22. c5 bxc5 23. bxc5 Ra2 24. Rc2 Qb3 25. Rdc1 Rxc2 26. Rxc2 Ra1+ 27. Kf2 h6
28. cxd6 cxd6 29. Bd4 Ra6 30. Bb2 Ne5 31. Rc3 Qb6+ 32. Kg3 Ra2 33. Rc2 Qb3 34.
Rc8+ Kh7 35. Qxd6 Qxb2 36. Kf4 Ng6+ 37. Kf5 Ra5+ 38. Rc5 Rxc5+ 39. Qxc5 Qf6+ 40.
Kg4 Qh4+ 41. Kf5 Qh5# {White checkmated} 0-1

[Event "Team 45 45 League T60"]
[Site "Internet Chess Club"]
[Date "2014.04.04"]
[Round "6"]
[White "Frankly"]
[Black "badmove"]
[Result "1-0"]
[WhiteElo "1779"]
[BlackElo "1529"]
[Opening "Nimzo-Indian: 4.e3"]
[ECO "E40"]
[Time "16:08:56"]
[TimeControl "2700+45"]

1. d4 Nf6 2. c4 e6 3. Nc3 Bb4 4. e3 d5 5. Nf3 Nbd7 6. Bd3 b6 7. O-O a6 8. cxd5
exd5 9. a3 Bd6 10. e4 dxe4 11. Nxe4 Be7 12. Re1 O-O 13. Bf4 Nd5 14. Bg3 f5 15.
Bc4 c6 16. Nc3 Nf6 17. Bh4 Kh8 18. Bb3 Ra7 19. Nxd5 Nxd5 20. Bxe7 Rxe7 21. Ne5
Qd6 22. Rc1 Bb7 23. Qh5 Nf4 24. Qh4 Qxd4 25. Ng6+ {Black resigns} 1-0

[Event "Team 45 45 League T60"]
[Site "Internet Chess Club"]
[Date "2014.04.07"]
[Round "6"]
[White "pokerram"]
[Black "ghostfire"]
[Result "1/2-1/2"]
[WhiteElo "1659"]
[BlackElo "1687"]
[Opening "Ruy Lopez: closed, Keres (...Nd7) defense"]
[ECO "C96"]
[Time "20:00:21"]
[TimeControl "2700+45"]

1. e4 e5 2. Nf3 Nc6 3. Bb5 a6 4. Ba4 Nf6 5. O-O Be7 6. Re1 b5 7. Bb3 d6 8. c3
O-O 9. h3 Na5 10. Bc2 c5 11. d4 Nd7 12. Nbd2 exd4 13. cxd4 cxd4 14. Nxd4 Bf6 15.
Nf5 Ne5 16. Rb1 Qb6 17. Nf1 Bxf5 18. exf5 Rad8 19. Be3 Qb7 20. b3 d5 21. Bd4
Nac6 22. Bb2 Rfe8 23. Nh2 Nb4 24. Qd2 Nxc2 25. Qxc2 d4 26. Qe4 Qxe4 27. Rxe4 d3
28. Bxe5 Rxe5 29. Rxe5 Bxe5 30. Nf3 Bc3 31. Kf1 b4 32. Rd1 Kf8 33. Ne1 Bxe1 34.
Kxe1 Re8+ 35. Kf1 Re2 36. Rxd3 Rxa2 37. g4 h6 38. h4 f6 39. Kg1 a5 40. f4 Ra3
41. Rd5 Rxb3 42. Rxa5 Rb1+ 43. Kg2 b3 44. Rb5 b2 45. g5 hxg5 46. fxg5 fxg5 47.
hxg5 Kf7 48. Rb7+ Ke8 49. f6 gxf6 50. gxf6 Kf8 51. Kh2 {Game drawn by mutual
agreement} 1/2-1/2